 Dungeon Crawl Stone Soup version 0.30-a0-172-gc5509c9e31 (webtiles) character file.

Game seed: 12055269083760939425

87 qw the Chopper (level 4, -1/28 HPs)
             Began as a Gargoyle Fighter on Oct 1, 2022.
             Killed from afar by an orc wizard (3 damage)
             ... with a puff of flame
             ... on level 3 of the Dungeon.
             The game lasted 00:00:35 (1207 turns).

qw the Chopper (Gargoyle Fighter)                   Turns: 1207, Time: 00:00:36

Health: -1/28      AC: 11    Str: 22    XL:     4   Next: 51%
Magic:  4/4        EV:  9    Int:  8    God:
Gold:   136        SH:  4    Dex:  9    Spells: 3/3 levels left

rFire   . . .      SeeInvis .    Y - +0 war axe
rCold   . . .      Faith    .    c - +0 buckler
rNeg    + . .      Spirit   .    b - +0 scale mail
rPois   inf        Reflect  .    (no helmet)
rElec   +          Harm     .    j - +0 cloak
rCorr   .          Rampage  .    (no gloves)
Will    .....                    (no boots)
Stlth   ..........               (no amulet)
HPRegen 0.24/turn                (no ring)
MPRegen 0.09/turn                (no ring)

@: no status effects
A: sickness immunity, AC +3, negative energy resistance 1, electricity
resistance, torment resistance 1, petrification resistance
a: no special abilities


You were on level 3 of the Dungeon.
You visited 1 branch of the dungeon, and saw 3 of its levels.

You collected 136 gold pieces.


Innate Abilities, Weirdness & Mutations

You are immune to sickness and miasma.
Your stone body is resilient. (AC +3)
You are immune to poison.
You resist negative energy. (rN+)
You are resistant to electric shocks. (rElec)
You are resistant to unholy torment.
You are immune to petrification.


   Skills:
 - Level 3.2 Fighting
 + Level 4.2 Axes
 - Level 3.2 Armour
 - Level 3.2 Shields


You had 3 spell levels left.
You didn't know any spells.
Your spell library was empty.

Inventory:

Hand Weapons
 k - a +0 whip
 Y - a +0 war axe (weapon)
Armour
 b - a +0 scale mail (worn)
 c - a +0 buckler (worn)
 j - a +0 cloak (worn)
Jewellery
 n - an amulet of the acrobat
Scrolls
 e - a scroll of identify
 f - a scroll of acquirement {unknown}
 l - a scroll of brand weapon {unknown}
 m - a scroll of enchant weapon {unknown}
 o - a scroll of noise {unknown}
Potions
 a - a potion of haste {unknown}
 d - a potion of might
 g - a potion of berserk rage {unknown}
 h - a potion of curing {unknown}
 i - a potion of flight {unknown}

Dungeon Overview and Level Annotations

Branches:
Dungeon (3/15)

Altars:


Message History

The magic dart hits you.
You barely miss something.
An orc wizard appears from thin air!
Reactivating autopickup.
The orc wizard points at you and mumbles some strange words.
The puff of flame hits you but does no damage.
The orc wizard hits you but does no damage.
You slash the orc wizard!
The orc wizard is heavily wounded.
The orc wizard hits you but does no damage.
You hit the orc wizard.
The orc wizard is almost dead.
The orc wizard casts a spell at you.
You are confused.
The orc wizard hits you but does no damage.
You bump into the rock wall.
The orc wizard hits you but does no damage.
You bump into the rock wall.
The orc wizard gestures at you while chanting.
The magic dart hits you but does no damage.
You bump into the rock wall.
The orc wizard hits you but does no damage.
You're too confused to move!
The orc wizard gestures at you while chanting.
You resist with some effort.
You closely miss the orc wizard.
The orc wizard is almost dead.
The orc wizard hits you but does no damage.
You closely miss the orc wizard.
The orc wizard is almost dead.
The orc wizard hits you but does no damage.
You hit the orc wizard but do no damage.
The orc wizard is almost dead.
You feel less confused.
The orc wizard hits you with a +0 dagger.
You barely miss the orc wizard.
The orc wizard is almost dead.
The orc wizard points at you and mumbles some strange words.
The puff of flame hits you.
You die...

###..
##################o.....
##........)....?@oo.....
##.#####..########S.....
.#.#####..# ###..
.......#..# ......##..#
......##..# ......##..#
.~~...~##.# ~..~..~~#..


You could see an orc priest, an orc wizard, an orc and a ball python.

Vanquished Creatures
  An orc priest (D:3)
  An adder (D:3)
  A dart slug (D:1)
  3 orcs (D:3)
  3 bats
  3 endoplasms (D:1)
  2 giant cockroaches
  A goblin (D:2)
  3 hobgoblins
  3 jackals (D:1)
  5 kobolds
  3 quokkas (D:1)
  7 ball pythons (D:1)
  5 rats
41 creatures vanquished.

Vanquished Creatures (others)
  A kobold (D:3)
1 creature vanquished.

Grand Total: 42 creatures vanquished

Notes
Turn   | Place    | Note
-------+----------+-------------------------------------------
     0 | D:1      | qw the Gargoyle Fighter began the quest for the Orb.
     0 | D:1      | Reached XP level 1. HP: 14/14 MP: 1/1
     0 | D:1      | 0 ||| qw: Version: 0.2-a-13-gfc7b4b4
     0 | D:1      | 0 ||| qw: Game counter: 1810
     0 | D:1      | 0 ||| qw: Always use a shield: true
     0 | D:1      | 0 ||| qw: God list: Okawaru
     0 | D:1      | 0 ||| qw: Allow faded altars: false
     0 | D:1      | 0 ||| qw: Do Orc after D:15 true
     0 | D:1      | 0 ||| qw: Do second Lair branch before Depths: true
     0 | D:1      | 0 ||| qw: Lair rune preference: random
     0 | D:1      | 0 ||| qw: Plans: Normal, Zot:1-4, God:TSO, Crypt, Tomb,
                  | Pan, Slime:5, Hells, Abyss, Orb
     0 | D:1      | 0 ||| PLANNING D:1-11
    19 | D:1      | HP: 2/14 [kobold/+0 club (4)]
    23 | D:1      | Reached skill level 2 in Axes
   117 | D:1      | 117 ||| Stepping ~*~*~tactically~*~*~ (hiding).
   126 | D:1      | Reached XP level 2. HP: 17/19 MP: 2/2
   136 | D:1      | 136 ||| Stepping ~*~*~tactically~*~*~ (stealth).
   141 | D:1      | 141 ||| Stepping ~*~*~tactically~*~*~ (stealth).
   418 | D:1      | Reached skill level 3 in Axes
   446 | D:1      | Reached XP level 3. HP: 23/23 MP: 3/3
   447 | D:1      | 447 ||| Stepping ~*~*~tactically~*~*~ (stealth).
   448 | D:1      | 448 ||| Stepping ~*~*~tactically~*~*~ (stealth).
   520 | D:1      | 520 ||| Stepping ~*~*~tactically~*~*~ (stealth).
   703 | D:1      | Found a faded altar of an unknown god.
   773 | D:1      | 773 ||| UPGRADING to +0 cloak.
   778 | D:1      | 778 ||| DROPPING amulet of faith.
   779 | D:1      | 779 ||| READING scroll labelled ZUAR XYROFF.
   780 | D:1      | 780 ||| READING scroll labelled OCLUNN IZESHAZY.
   837 | D:2      | 837 ||| STAIRDANCE
   898 | D:2      | Identified the +1 robe "Usy Xeqe" {Str+6 Slay+3 Stlth+}
   928 | D:2      | You fall into a shaft and drop 1 floor!
   942 | D:3      | 942 ||| DROPPING +0 club.
  1101 | D:3      | Reached XP level 4. HP: 26/28 MP: 4/4
  1183 | D:3      | HP: 4/28 [orc priest/divine providence (9)]
  1187 | D:3      | Reached skill level 4 in Axes
  1196 | D:3      | HP: 1/28 [something/magic dart (6)]
  1206 | D:3      | HP: 2/28 [orc wizard/+0 dagger (2)]
  1207 | D:3      | Killed from afar by an orc wizard

Levels and vault maps discovered:
D:1:      minmay_arrival_solitary_statue, layout_basic,
          ebering_ecumenical_altar_petrified
D:2:      layout_rooms
D:3:      cheibrodos_helix_gallery, layout_loops_ring, minivault_5, st_stairs_6,
          grunt_ministairs_6, hangedman_decor_slide_cut, minmay_strange_pillars

Skill      XL: |  1  2  3  4 |
---------------+-------------+-----
Axes           | 2 3 4 |  4.2
Fighting       | |  3.2
Armour         | |  3.2
Shields        | |  3.2

Action                   |  1- 3 |  4- 6 || total
-------------------------+-------+-------++-------
Melee: War axe           |   109 |    23 ||   132
  Use: Scroll            |     2 |       ||     2
Armor: Scale mail        |    45 |    17 ||    62
Dodge: Dodged            |    53 |     4 ||    57
Block: Buckler           |    32 |     2 ||    34

Table legend:
 A = Non-vault XP
 B = Vault XP
 C = Vault XP percentage of total XP
 D = Non-vault monster count
 E = Vault monster count
 F = Vault count percentage of total count
                 A         B        C        D         E       F
            +---------+---------+-------+---------+---------+-------
      Total |      79 |      46 |  36.8 |      37 |       4 |   9.8
            +---------+---------+-------+---------+---------+-------
        D:1 |      51 |       0 |   0.0 |      28 |       0 |   0.0
        D:2 |       3 |       0 |   0.0 |       2 |       0 |   0.0
        D:3 |      25 |      46 |  64.8 |       7 |       4 |  36.4
            +---------+---------+-------+---------+---------+-------
